 Dungeon Crawl Stone Soup version 0.29-a0-451-gfbfa42419e (webtiles) character file.

Game seed: 3064040944343293461

0 happo123 the Magician (level 1, -6/15 HPs)
             Began as a Djinni Earth Elementalist on May 20, 2022.
             Mangled by a gnoll
             ... wielding a +0 spear
              (7 damage)
             ... on level 1 of the Dungeon.
             The game lasted 00:00:51 (30 turns).

happo123 the Magician (Djinni Earth Elementalist)     Turns: 30, Time: 00:00:52

Health: -6/15      AC:  2    Str:  7    XL:     1   Next: 11%
Gold:   0          EV: 12    Int: 16    God:
                   SH:  0    Dex: 13

rFire   + + .      SeeInvis .   (no weapon)
rCold   x . .      Faith    .   (no shield)
rNeg    . . .      Spirit   .   b - +0 robe
rPois   ∞          Reflect  .   (no helmet)
rElec   .          Harm     .   (no cloak)
rCorr   .          Rampage  .   (no gloves)
Will    .....                   (boots unavailable)
Stlth   ++........              (no amulet)
HPRegen 0.05/turn               (no ring)
MPRegen 0.00/turn               (no ring)

@: flying
A: sickness immunity, fire resistance 2, cold vulnerability 1, float, innate
caster, HP casting, extra vitality 1
a: no special abilities


You were on level 1 of the Dungeon.
You visited 1 branch of the dungeon, and saw 1 of its levels.

Inventory:

Missiles
 a - 29 stones
Armour
 b - a +0 robe (worn)
Potions
 c - 2 potions of curing {unknown}


   Skills:
 + Level 2.2 Dodging
 + Level 1.5 Stealth
 + Level 2.4 Spellcasting


You couldn't memorise any spells.
You knew the following spells:

 Your Spells              Type           Power      Damage    Failure   Level
a - Sandblast             Erth           18%        2d7       8%          1
b - Passwall              Tmut/Erth      7%         N/A       11%         2
c - Stone Arrow           Conj/Erth      18%        3d8       22%         3
d - Petrify               Tmut/Erth      9%         N/A       58%         4
Your spell library was empty.

Dungeon Overview and Level Annotations

Branches:
Dungeon (1/15)

Altars:


Innate Abilities, Weirdness & Mutations

You are immune to sickness and miasma.
You are immune to poison.
Your flesh is very heat resistant. (rF++)
You are vulnerable to cold. (rC-)
You float through the air rather than walking.
You learn spells naturally, not from books.
Your magical power is your life essence.
You have superior vitality. (+4 MHP)


Message History

A nearby plant withers and dies.
The bat hits the plant.
The plant begins to die.
The bat hits the plant.
The gnoll hits the plant with a +0 spear.
The plant begins to die.
A nearby plant withers and dies. x3; The bat hits the plant. x2
A nearby plant withers and dies. x2; The bat hits the plant.
The plant begins to die.
The bat hits the plant.
The plant begins to die.
The bat hits the plant.
Aiming: Sandblast (safe; 8% risk of failure)
Press: ? - help, Q - select action, (/) - cycle Shift-Dir - straight line, f/p - gnoll
Aim: a gnoll, wielding a +0 spear (81% to hit)
Your line of fire to the gnoll is blocked by a plant.
Continue anyway?
You miscast Sandblast.
You are very lightly contaminated with residual magic.
Nothing appears to happen.
* * * LOW HITPOINT WARNING * * *
A nearby plant withers and dies. x2; The bat hits the plant.
The plant begins to die.
The bat hits the plant.
The gnoll closely misses you.
A nearby plant withers and dies.
The gnoll closely misses you.
A nearby plant withers and dies.
The gnoll hits the plant with a +0 spear.
The plant begins to die.
Aiming: Sandblast (safe; 8% risk of failure)
Press: ? - help, Q - select action, (/) - cycle Shift-Dir - straight line, f - bat, p - gnoll
Aim: a bat (66% to hit)
The blast of sand hits the bat.
You kill the bat!
* * * LOW HITPOINT WARNING * * *
A nearby plant withers and dies. x2; The gnoll completely misses the plant.
A nearby plant withers and dies.
The gnoll hits the plant with a +0 spear!
The gnoll hits the plant with a +0 spear!
The gnoll hits the plant with a +0 spear.
The plant begins to die.
Your magical contamination has completely faded away.
A nearby plant withers and dies.
A nearby plant withers and dies.
The gnoll closely misses you.
You see here 2 boomerangs.
The gnoll hits you from afar with a +0 spear!
You die... #PPPP..PPPP

#PPP.P.P...P
#PPP.P...P..
#PP.P..PP....P
#PP......P.PP.P.P
#PP.....PPP.P.P.P
#PP....P.P.PP.P.P
##PP.....P.PP.PP.P


#.PPP@P..PPP.PP.PP #.PPP(......PPP.PP #.PPPP.gP.PPP..PPP #>PPPPP...<..PPPPP
#.PPPPPPPPPPPPPPPP #.########..###### #. ##.# # ... ###. You could see a gnoll.

Vanquished Creatures
  A bat (D:1)
1 creature vanquished.

Vanquished Creatures (others)
  24 plants (D:1)
24 creatures vanquished.

Grand Total: 25 creatures vanquished

Notes
Turn   | Place    | Note
-------+----------+-------------------------------------------
     0 | D:1      | happo123 the Djinni Earth Elementalist began the quest for
                  | the Orb.
     0 | D:1      | Reached XP level 1. HP: 15/15 MP: 0/0
    30 | D:1      | Mangled by a gnoll

Illustrated notes

Levels and vault maps discovered:
D:1:      roderic_crop_circles_arrival_small, layout_rooms, nrook_loot_triangle

Action                   || total
-------------------------++-------
Melee: Unarmed           ||     2
 Cast: Sandblast         ||     1
Dodge: Dodged            ||     3

Table legend: (Time is in decaauts)
 A = Elapsed time spent in this place.
 B = Non-inter-level travel time spent in this place.
 C = Inter-level travel time spent in this place.
 D = Time resting spent in this place.
 E = Time spent auto-exploring this place.
 F = Levels seen in this place.
 G = Mean time per level.
                   A        B        C        D        E       F      G
               +--------+--------+--------+--------+--------+-----+--------+
         Total |     30 |     26 |      4 |      0 |      0 |   1 |   30.0 |
       Dungeon |     30 |     26 |      4 |      0 |      0 |   1 |   30.0 |
               +--------+--------+--------+--------+--------+-----+--------+

Top non-repeatable levels by time:
     D:1: 30 daAuts
